Unix NetHack Version 5.0.0-0 post-release - last build Jun 10 2026 00:39:30 (3ee93aec679c4c4259841fe613dc97188e26a321,branch:main).

Game began 2026-06-27 06:01:20, ended 2026-06-27 08:09:53.

Borange, neutral male human Wizard

    ------     -----
    |....|     |.<..
    |....|     |...|
    |>....#    |...|
    ----|-#    --.--
        # #      ##
        #        #  #
       ##        #####
       #            #
  -----.-           #
  |....@|     ------|---
  |....h|   # |........|
  |_.....#####.........|
  ---.---   # |........|
              +........|
              |........|
              ----------

Borange the Conjurer      St:9 Dx:15 Co:14 In:18 Wi:9 Ch:11  Neutral
Dlvl:4  $:261 HP:0(32) Pw:33(37) AC:8  Xp:4 T:2059  Satiated Burdened

Latest messages:
 q - an uncursed short wand named U.
 t - a cursed lamp named C.
 O - an uncursed stethoscope.
 u - a cursed towel.
 s - a cursed towel.
 F - an uncursed red gem.
 B - 2 cursed red gems.
 x - an uncursed violet gem named U.
 v - 2 cursed yellow gems.
 You have a little trouble lifting 20 uncursed rocks.  Continue? [ynq] (q)
 You have a little trouble lifting y - 20 uncursed rocks.
 Your movements are slowed slightly because of your load.
 You stop.  Perci is in the way!
 You hear crashing rock.
 You find a hidden door.
 You hear some noises.
 The door resists!
 The door opens.
 You hear some noises in the distance.
 You hear some noises.
 You hear some noises in the distance.
 The pony kicks!
 The pony bites!
 It bites the pony.
 The pony misses it.
 The pony misses it.
 It bites the pony.
 The pony kicks!
 The pony bites!
 Perci bites the pony.
 The pony misses Perci.
 The pony bites Perci.
 The pony kicks!
 The pony bites!
 In what direction?
 The spell hits the pony!
 You kill the pony!
 You attack thin air.
 You attack thin air.
 The dwarf swings her pick-axe.
 The dwarf hits!
 You miss the dwarf.
 The dwarf swings her pick-axe.
 The dwarf hits!
 You die...
 Do you want your possessions identified? [ynq] (y)
 Do you want to see your attributes? [ynq] (y)
 Do you want an account of creatures vanquished? [ynaq] (y)
 Do you want to see your conduct and achievements? [ynq] (y)
 Do you want to see the dungeon overview? [ynq] (y)

Inventory:
 Coins    ('$')
  $ - 261 gold pieces
 Weapons  (')')
  D - a +0 sling
  r - 15 +0 darts
  L - a +0 orcish dagger named U (weapon in right hand)
  a - a blessed +1 quarterstaff
 Armor    ('[')
  b - an uncursed +0 cloak of magic resistance (being worn)
  N - an uncursed +0 robe
  C - an uncursed +0 leather jacket named U (being worn)
 Scrolls  ('?')
  G - an uncursed scroll of amnesia named U
  j - 2 uncursed scrolls of enchant armor
  P - an uncursed scroll of enchant weapon
  i - an uncursed scroll of magic mapping
  M - an uncursed scroll of remove curse named U
 Spellbooks  ('+')
  k - a blessed spellbook of force bolt
  l - an uncursed spellbook of sleep
 Potions  ('!')
  o - a blessed potion of booze named U
  f - 2 uncursed potions of confusion
  g - an uncursed potion of fruit juice
  z - an uncursed potion of healing named U
  I - an uncursed potion of oil
  h - an uncursed potion of water
 Rings    ('=')
  e - an uncursed ring of searching
  d - an uncursed ring of shock resistance
 Wands    ('/')
  q - a wand of death named U (0:8)
  H - a wand of slow monster named U (0:4)
  c - a blessed wand of speed monster (0:6)
  A - a wand of stasis named U (0:3)
  K - a wand of striking named U (0:4)
 Tools    ('(')
  n - an uncursed blindfold
  m - a magic marker (0:19)
  t - a cursed oil lamp named C
  O - an uncursed stethoscope
  s - a cursed towel
  u - a cursed towel
 Gems/Stones  ('*')
  F - an uncursed worthless piece of red glass
  B - 2 cursed worthless pieces of red glass
  x - an uncursed worthless piece of violet glass named U
  v - 2 cursed worthless pieces of yellow glass
  y - 20 uncursed rocks

Borange the Wizard's attributes:

Background:
 You were a Conjurer, a level 4 male human Wizard.
 You were neutral, on a mission for Thoth
 who was opposed by Ptah (lawful) and Anhur (chaotic).
 You were right-handed.
 You were in the Dungeons of Doom, on level 4.
 You entered the dungeon 2059 turns ago.
 You had 146 experience points, 14 more were needed to attain level 5.

Basics:
 You had 0 out of 32 hit points.
 You had 33 out of 37 energy points (spell power).
 Your armor class was 8.
 Your wallet contained 261 zorkmids.
 Autopickup was off.

Final Characteristics:
 Your strength was 9 (limit:18/100).
 Your dexterity was 15 (limit:18).
 Your constitution was 14 (limit:18).
 Your intelligence was 18 (limit:18).
 Your wisdom was 9 (limit:18).
 Your charisma was 11 (limit:18).

Final Status:
 You were satiated.
 You were burdened; movement was slightly slowed.
 You were wielding a dagger.
 You were unskilled in dagger.

Final Attributes:
 You were piously aligned.
 You were magic-protected.
 You were telepathic.
 You were warded.
 You are dead.

Miscellaneous:
 You didn't encounter any bones levels.
 Total elapsed playing time was 1 hour, 26 minutes and 26 seconds.

Major events:
 Turn
    1: Borange the neutral male human Wizard entered the dungeon
 1106: attained the rank of Conjurer (level 3)
 2059: killed by a dwarf

Spells:
 Name                 Level Category     Fail Retention
 force bolt             1   attack         0%   81%-90%
 sleep                  3   enchantment    0%   81%-90%

Skills:
 Fighting Skills
   bare handed combat [Unskilled]
   riding             [Unskilled]
 Weapon Skills
   dagger             [Unskilled]
   knife              [Unskilled]
   axe                [Unskilled]
   short sword        [Unskilled]
   club               [Unskilled]
   mace               [Unskilled]
   quarterstaff       [Basic]
   polearms           [Unskilled]
   spear              [Unskilled]
   trident            [Unskilled]
   sling              [Unskilled]
   dart               [Unskilled]
   shuriken           [Unskilled]
 Spellcasting Skills
   attack spells      [Basic]
   healing spells     [Unskilled]
   divination spells  [Unskilled]
   enchantment spells [Basic]
   clerical spells    [Unskilled]
   escape spells      [Unskilled]
   matter spells      [Unskilled]

Voluntary challenges:
 Character rerolling was not enabled.
 You were illiterate.
 You never genocided any monsters.
 You never polymorphed an object.
 You never changed form.
 You used no wishes.
Achievements:
 You entered a shop.
 You attained the rank of Conjurer.

 The Dungeons of Doom: levels 1 to 4
    Level 1:
    Level 2:
       An armor shop.
    Level 3:
    Level 4: <- You were here.
       An altar to Thoth.
       Final resting place for
          you, killed by a dwarf.


Vanquished creatures:
  a small mimic
  a pony
  a shrieker
  a floating eye
  a kitten
  2 orc zombies
 an iguana
  3 acid blobs
  a hobbit
  a large kobold
  a hobgoblin
  a cave spider
  2 yellow molds
  2 gnomes
  a jackal
  a fox
  2 kobolds
  a sewer rat
  6 grid bugs
  4 lichens
  4 newts
38 creatures vanquished.

No species were genocided or became extinct.

Game over:
                       ----------
                      /          \
                     /    REST    \
                    /      IN      \
                   /     PEACE      \
                  /                  \
                  |     Borange      |
                  |      261 Au      |
                  |   killed by a    |
                  |      dwarf       |
                  |                  |
                  |                  |
                  |       2026       |
                 *|     *  *  *      | *
        _________)/\\_//(\/(/\)/\//\/|_)_______

Goodbye Borange the Wizard...

You died in The Dungeons of Doom on dungeon level 4 with 969 points,
and 261 pieces of gold, after 2059 moves.
You were level 4 with a maximum of 32 hit points when you died.

